 Dungeon Crawl Stone Soup version 0.17-a0-483-g810ce3f (webtiles) character file.

3025 inmateoo the Martial Artist (level 9, -1/72 HPs)
             Began as a Merfolk Skald on Apr 8, 2015.
             Was a Priest of Cheibriados.
             Slain by a sheep (6 damage)
             ... on level 7 of the Dungeon.
             The game lasted 00:20:44 (10675 turns).

inmateoo the Martial Artist (Merfolk Skald)        Turns: 10675, Time: 00:20:44

Health: -1/72      AC:  4    Str: 19    XL:     9   Next: 85%
Magic:  4/16       EV: 19    Int: 19    God:    Cheibriados [***...]
Gold:   471        SH:  0    Dex: 27    Spells: 4 memorised, 9 levels left

rFire  . . .     SeeInvis .       - Unarmed
rCold  . . .     Clarity  .     b - +1 leather armour (curse)
rNeg   . . .     SustAb   +     (no shield)
rPois  .         Gourm    .     (no helmet)
rElec  .         Spirit   .     (no cloak)
rCorr  .         Warding  .     (no gloves)
rMut   .         Stasis   .     (no boots)
MR     .....                    (no amulet)
Stlth  ++........               m - +4 ring of dexterity
                                l - ring of sustain abilities

@: singing (expiring), very slow, not resistant to hostile enchantments,
unstealthy
A: change form in water, swift swim
a: Bend Time, Temporal Distortion, Renounce Religion, Stop Singing


You were on level 7 of the Dungeon.
You worshipped Cheibriados.
Cheibriados was most pleased with you.
You were very hungry.

You visited 2 branches of the dungeon, and saw 8 of its levels.

You collected 471 gold pieces.

Inventory:

Missiles
 f - 14 stones (quivered)
Armour
 b - a cursed +1 leather armour (worn)
Jewellery
 l - a ring of sustain abilities (left hand)
 m - a +4 ring of dexterity (right hand)
Magical devices
 h - a wand of teleportation (0)
 s - a wand of digging (15)
 v - a wand of lightning (5)
Scrolls
 e - 3 scrolls of enchant armour
 j - 3 scrolls of teleportation
 n - 3 scrolls of blinking
 p - 3 scrolls of remove curse
 q - a scroll of amnesia
 t - 2 scrolls of recharging
 x - 2 scrolls of identify
Potions
 g - a potion of brilliance
 k - a potion of magic
 o - a potion of restore abilities
 w - a potion of beneficial mutation
Books
 c - a book of Battle

   Spells                             Type                      Level
   a - Infusion                       Charms                       1
   b - Shroud of Golubria             Charms/Translocation         2
   c - Song of Slaying                Charms                       2
   d - Spectral Weapon                Hexes/Charms                 3
   e - Regeneration                   Charms/Necromancy            3
 r - a Grand Grimoire {highlevel, unknown}

   This book is beyond your current level of understanding.

   Spells                             Type                      Level
   a - Aura of Abjuration             Summoning                    6
   b - Summon Greater Demon           Summoning                    7
   c - Malign Gateway                 Summoning/Translocation      7
   d - Summon Horrible Things         Summoning                    8
 y - a book of Alchemy

   Spells                             Type                      Level
   a - Sublimation of Blood           Necromancy                   2
   b - Alistair's Intoxication        Transmutation/Poison         4
   c - Condensation Shield            Ice                          4
   d - Petrify                        Transmutation/Earth          4
   e - Ignite Poison                  Fire/Transmutation           5
   f - Irradiate                      Conjuration/Transmutation    5
Comestibles
 a - 3 bread rations
 d - a beef jerky
 i - 2 meat rations
 u - a royal jelly
 z - 4 chunks of flesh


   Skills:
 + Level 7.5 Fighting
 - Level 0.8 Armour
 + Level 6.8 Dodging
 * Level 10.1 Unarmed Combat
 + Level 4.9 Spellcasting
 - Level 3.3 Charms


You had 9 spell levels left.
You knew the following spells:

 Your Spells              Type           Power        Failure   Level  Hunger
a - Infusion              Chrm           ###...       4%          1    None
b - Song of Slaying       Chrm           ###.....     8%          2    #......
c - Shroud of Golubria    Chrm/Tloc      ##........   14%         2    #......
d - Regeneration          Chrm/Necr      ##........   28%         3    ##.....


Dungeon Overview and Level Annotations

Branches:
Dungeon (7/15)             Temple (1/1) D:5

Altars:
Ashenzari
Cheibriados
Elyvilon
Fedhas
Gozag
Kikubaaqudgha
Makhleb
Nemelex Xobeh
Okawaru
Qazlal
Ru
Sif Muna
Trog
Vehumet
Xom
Yredelemnul
Zin
The Shining One

Shops:
D:5 }


Message History

The yak misses you.
You hit the yak but do no damage.
The yak is severely wounded.
The yak gores you!
* * * LOW HITPOINT WARNING * * *
You punch the yak!
You kill the yak!
Cheibriados thoroughly appreciates the change of pace.
Your song is almost over.
You hit the sheep. You punch the sheep.
The sheep is moderately wounded.
You barely miss the sheep. The sheep closely misses you.
You barely miss the sheep. The sheep closely misses you.
You hit the sheep. You punch the sheep!
You kill the sheep!
Cheibriados thoroughly appreciates the change of pace.
You hit the sheep.
The sheep is lightly wounded.
The sheep completely misses you. The sheep bites you.
You die...

#.........######
#.......'...'... #.........#
#######......##'###..
'.........#
#..#%%#......##..##(.
#.........###..#.%#......'....
#....###...##..Y..#......##..#
##...# #...##..#..#......##..
_'...# #...##..#..#......'...'
##...# #...# ##Y#.#########
##### ##### #@Y..# ##...#
#####


You could see 2 sheep.

Vanquished Creatures
  Prince Ribbit (D:7)
  Sigmund (D:3)
  A yak (D:7)
  A human (D:7)
  A hippogriff (D:7)
  Menkaure (D:7)
  A black bear (D:7)
  An orc warrior (D:7)
  A phantom (D:4)
  An ice beast (D:6)
  3 ogres
  A centaur (D:7)
  2 giant frogs (D:6)
  A scorpion (D:5)
  A wyvern skeleton (D:7)
  6 killer bees (D:7)
  A centaur zombie (D:7)
  2 crimson imps
  2 jellies
  5 hounds
  4 orc wizards
  Ijyb (D:2)
  An orc priest (D:4)
  2 giant frog skeletons
  An iron imp (D:5)
  Natasha (D:4)
  An iguana (D:6)
  5 worker ants
  A sheep (D:7)
  A hound zombie (D:6)
  A hound skeleton (D:4)
  10 adders
  3 gnolls (D:2)
  3 worms
  5 giant geckos
  2 oozes
  14 orcs
  16 bats
  4 giant cockroaches
  15 hobgoblins
  16 jackals
  9 kobolds
  8 quokkas
  A ball python (D:5)
  A giant gecko skeleton (D:5)
  6 giant newts
  14 goblins
  A goblin skeleton (D:5)
  2 goblin zombies (D:5)
  A hobgoblin zombie (D:5)
  A kobold skeleton (D:5)
  2 kobold zombies (D:5)
  An orc zombie (D:5)
  A quokka skeleton (D:4)
  10 rats
199 creatures vanquished.

Notes
Turn   | Place    | Note
--------------------------------------------------------------
     0 | D:1      | inmateoo, the Merfolk Skald, began the quest for the Orb.
     0 | D:1      | Reached XP level 1. HP: 16/16 MP: 3/3
   148 | D:1      | Reached XP level 2. HP: 14/23 MP: 0/5
   543 | D:1      | Learned a level 2 spell: Song of Slaying
   546 | D:1      | Learned a level 2 spell: Shroud of Golubria
   588 | D:1      | Reached XP level 3. HP: 13/28 MP: 2/6
  1220 | D:2      | Found an opulent altar of Gozag.
  1689 | D:2      | Found an ancient bone altar of Kikubaaqudgha.
  1691 | D:2      | Noticed Ijyb
  2268 | D:3      | Found an iron altar of Okawaru.
  2293 | D:3      | Reached XP level 4. HP: 18/35 MP: 3/7
  2895 | D:3      | Found a shimmering altar of Xom.
  2936 | D:3      | Reached XP level 5. HP: 41/41 MP: 8/8
  3123 | D:3      | Noticed Sigmund
  3396 | D:4      | Reached skill level 4 in Unarmed Combat
  3557 | D:4      | Found a bloodstained altar of Trog.
  3774 | D:4      | Learned a level 3 spell: Regeneration
  3978 | D:4      | Found a shattered altar of Ashenzari.
  4151 | D:4      | Reached XP level 6. HP: 48/48 MP: 4/9
  4350 | D:4      | Noticed a phantom
  4398 | D:4      | Killed a phantom
  4398 | D:4      | Reached skill level 5 in Unarmed Combat
  5016 | D:4      | Noticed Natasha
  5027 | D:4      | HP: 1/49 [Natasha (6)]
  5515 | D:4      | Reached XP level 7. HP: 53/55 MP: 10/10
  5688 | D:4      | Noticed an ogre
  5697 | D:4      | Killed an ogre
  5975 | D:3      | Reached skill level 5 in Fighting
  5975 | D:3      | Reached skill level 6 in Unarmed Combat
  6069 | D:3      | Killed Sigmund
  6324 | D:4      | Killed Natasha
  6324 | D:4      | Reached skill level 7 in Unarmed Combat
  6504 | D:5      | Entered Level 5 of the Dungeon
  6564 | D:5      | Reached XP level 8. HP: 52/63 MP: 7/11
  6661 | D:5      | Found a burning altar of Makhleb.
  6674 | D:5      | Found a staircase to the Ecumenical Temple.
  6694 | Temple   | Entered the Ecumenical Temple
  6768 | Temple   | Became a worshipper of Cheibriados the Contemplative
  7041 | D:5      | Found a glowing golden altar of the Shining One.
  7528 | D:5      | Found Mufet's Quality Used Wands.
  7622 | D:5      | Acquired Cheibriados's first power
  8011 | D:2      | Found a radiant altar of Vehumet.
  8035 | D:2      | Killed Ijyb
  8378 | D:6      | Reached skill level 8 in Unarmed Combat
  9307 | D:7      | Reached skill level 5 in Dodging
  9307 | D:7      | Reached XP level 9. HP: 60/71 MP: 5/14
  9352 | D:7      | Noticed Prince Ribbit
  9385 | D:7      | Killed Prince Ribbit
  9385 | D:7      | Reached skill level 9 in Unarmed Combat
  9908 | D:7      | Found a white marble altar of Elyvilon.
 10177 | D:7      | Acquired Cheibriados's second power
 10614 | D:7      | Noticed Menkaure
 10626 | D:7      | Killed Menkaure
 10660 | D:7      | Reached skill level 10 in Unarmed Combat
 10675 | D:7      | Slain by a sheep

Action                   |  1- 3 |  4- 6 |  7- 9 || total
-------------------------+-------+-------+-------++-------
Melee: Unarmed           |   272 |   290 |   497 ||  1059
Throw: Stone             |     2 |       |       ||     2
 Cast: Infusion          |    17 |    11 |    13 ||    41
       Shroud of Golubri |     2 |     3 |     8 ||    13
       Song of Slaying   |     1 |     3 |    10 ||    14
       Regeneration      |       |       |     9 ||     9
Evoke: Wand              |       |     1 |     1 ||     2
  Use: Scroll            |     8 |     2 |     5 ||    15
       Potion            |     1 |     1 |     1 ||     3
 Stab: Sleeping          |       |       |     2 ||     2
       Distracted        |       |       |     1 ||     1
  Eat: Chunk             |     5 |    11 |    14 ||    30
       Beef jerky        |       |       |     1 ||     1
